 Dungeon Crawl Stone Soup version 0.32-a0-540-g866d13106e (webtiles) character file.

Game seed: 17374240639059297090

2 ezpacito the Trooper (level 1, -1/18 HPs)
             Began as a Demonspawn Chaos Knight on Feb 29, 2024.
             Was a Plaything of Xom.
             Succumbed to a kobold's poison
             ... on level 1 of the Dungeon.
             The game lasted 00:00:11 (56 turns).

ezpacito the Trooper (Demonspawn Chaos Knight)        Turns: 56, Time: 00:00:12

Health: -1/18      AC:  5    Str: 12    XL:     1   Next: 25%
Magic:  1/1        EV: 11    Int: 12    God:    Xom [..*...]
Gold:   24         SH:  0    Dex: 12    Spells: 0/0 levels left

rFire   . . .        a - +0 hand axe (chaos)
rCold   . . .        (no shield)
rNeg    . . .        b - +2 leather armour
rPois   .            (no helmet)
rElec   .            (no cloak)
rCorr   .            (no gloves)
SInv    .            (no boots)
Will    .....        (no amulet)
Stlth   +            (no ring)
HPRegen 0.23/turn    (no ring)
MPRegen 0.07/turn

%: no passive effects
@: lethally poisoned (-1 -> -21)
A: no striking features
a: Renounce Religion


You were on level 1 of the Dungeon.
You worshipped Xom.
You were a toy of Xom.
You visited 1 branch of the dungeon, and saw 1 of its levels.

You collected 24 gold pieces.

Inventory:

Hand Weapons
 a - a +0 hand axe of chaos (weapon)
Armour
 b - a +2 leather armour (worn)
 d - a +0 pair of gloves
Scrolls
 c - a scroll of butterflies


   Skills:
 * Level 3.0 Fighting
 * Level 2.7 Axes
 + Level 0.0(1.5) Polearms
 * Level 1.7 Armour
 * Level 0.8 Dodging
 + Level 0.0 Stealth
 * Level 0.0 Unarmed Combat
 * Level 0.0 Spellcasting


You couldn't memorise any spells.
You didn't know any spells.
Your spell library was empty.

Dungeon Overview and Level Annotations

Branches:
Dungeon (1/15)

Altars:


Message History

You now have 13 gold pieces.
You now have 24 gold pieces (gained 11).
Found a pair of gloves and 4 stones.
No target in view!
Found 12 gold pieces.
A frilled lizard comes into view.
The frilled lizard hisses angrily.
A kobold comes into view. It is wielding a +0 whip of venom.
The kobold shouts!
Found a stone staircase leading down.
The frilled lizard barely misses you.
You see here a +0 pair of gloves.
d - a +0 pair of gloves The kobold hits you with a +0 whip of venom.
You are poisoned.
The frilled lizard closely misses you.
You hit the frilled lizard.
You feel better.
You kill the frilled lizard!
You closely miss the kobold.
You feel very sick. The kobold hits you but does no damage.
You are lethally poisoned!
You barely miss the kobold.
You feel very sick.
The kobold hits you with a +0 whip of venom.
You are more poisoned.
You are too injured to fight recklessly!
You are too injured to fight recklessly!
You are too injured to fight recklessly!
You are too injured to fight recklessly!
You are too injured to fight recklessly!
You are too injured to fight recklessly!
You are too injured to fight recklessly!
You are too injured to fight recklessly!
You aren't carrying any potions.
* * * LOW HITPOINT WARNING * * *
You feel very sick. The kobold attacks as it pursues you!
The kobold closely misses you.
You die...
Xom is highly amused!

...........#
...........# .....
...........# ......
...........# ......
...........# ......
...........#######......
........................
........................
##########......@.......
# #.....†..$.....
#......K.......
#........#.....
#......(.#.....
#........# ....
#........# ...
#........# ...
#........#


You could see a kobold.

Vanquished Creatures
  A kobold (D:1)
  A frilled lizard (D:1)
2 creatures vanquished.

Notes
Turn   | Place    | Note
-------+----------+-------------------------------------------
     0 | D:1      | ezpacito the Demonspawn Chaos Knight began the quest for
                  | the Orb.
     0 | D:1      | Reached XP level 1. HP: 18/18 MP: 1/1
    56 | D:1      | Succumbed to a kobold's poison

Illustrated notes

Levels and vault maps discovered:
D:1:      psy_arrival_heroes, layout_basic, ebering_ecumenical_altar_petrified,
          minmay_misc_feat_more_columns, serial_bayou_pond_e

Action                     || total
---------------------------++-------
  Melee: Hand axe          ||     3
 Armour: Leather armour    ||     3
  Dodge: Dodged            ||     4

Table legend: (Time is in decaauts)
 A = Elapsed time spent in this place.
 B = Non-inter-level travel time spent in this place.
 C = Inter-level travel time spent in this place.
 D = Time resting spent in this place.
 E = Time spent auto-exploring this place.
 F = Levels seen in this place.
 G = Mean time per level.
                   A        B        C        D        E       F      G
               +--------+--------+--------+--------+--------+-----+--------+
         Total |     56 |     56 |      0 |      0 |     39 |   1 |   56.0 |
       Dungeon |     56 |     56 |      0 |      0 |     39 |   1 |   56.0 |
               +--------+--------+--------+--------+--------+-----+--------+

Top non-repeatable levels by time:
     D:1: 56 daAuts
